 Dungeon Crawl Stone Soup version 0.22-a0-455-ga0624bf (webtiles) character file.

22536 galech the Fighter (level 13, 0/148 HPs)
             Began as an Ogre Berserker on June 5, 2018.
             Was a High Priest of Trog.
             Slain by a blink frog (6 damage)
             ... on level 3 of the Lair of Beasts.
             The game lasted 00:24:50 (16648 turns).

galech the Fighter (Ogre Berserker)                Turns: 16648, Time: 00:24:50

Health: 0/148      AC:  5    Str: 28    XL:     13   Next: 0%
Magic:  13/13      EV: 13    Int:  8    God:    Trog [*****.]
Gold:   760        SH:  0    Dex:  8    Spells: 12/12 levels left

rFire    x . .     SeeInvis +   t - +9 flail (crush)
rCold    + + .     Gourm    .   (no shield)
rNeg     . . .     Faith    .   E - +1 robe {rC+}
rPois    .         Spirit   .   (helmet restricted)
rElec    .         Reflect  .   h - +0 cloak
rCorr    .         Harm     .   (gloves unavailable)
MR       +++..                  (boots unavailable)
Stlth    ++........             (no amulet)
HPRegen  1.34/turn              d - ring of ice
MPRegen  0.13/turn              b - ring of see invisible

@: lethally poisoned (0 -> -2), berserk cooldown, starving, regenerating,
slowed, very slow
A: large, unfitting armour, tough skin 1
a: Berserk, Trog's Hand, Brothers in Arms, Renounce Religion


You were on level 3 of the Lair of Beasts.
You worshipped Trog.
Trog was extremely pleased with you.
You were starving.

You visited 2 branches of the dungeon, and saw 13 of its levels.

You collected 760 gold pieces.

Inventory:

Hand Weapons
 t - a +9 flail of crushing (weapon)
Armour
 h - a +0 cloak (worn)
 E - a +1 robe of cold resistance (worn)
Jewellery
 b - a ring of see invisible (right hand)
 d - a ring of ice (left hand)
 H - an uncursed ring of ice
Wands
 u - a wand of paralysis (30)
 y - a wand of flame (27)
 G - a wand of clouds (3)
 I - a wand of disintegration (20)
Scrolls
 a - 3 scrolls of enchant armour
 e - 2 scrolls of fog {unknown}
 g - a scroll of teleportation
 m - 6 scrolls of remove curse
 q - 2 scrolls of immolation {unknown}
 s - 2 scrolls of random uselessness
 v - a scroll of noise
 w - 2 scrolls of amnesia
 A - a scroll of magic mapping
 D - a scroll of silence {unknown}
 F - a scroll of identify
Potions
 f - 2 potions of lignification
 i - 3 potions of heal wounds {unknown}
 j - 8 potions of curing {unknown}
 k - 4 potions of brilliance {unknown}
 l - 2 potions of magic {unknown}
 n - 5 potions of flight {unknown}
 o - 2 potions of ambrosia {unknown}
 p - a potion of cancellation {unknown}
 r - 2 potions of degeneration {unknown}
 x - 3 potions of resistance {unknown}
 z - a potion of mutation {unknown}
 B - 4 potions of agility {unknown}
 C - a potion of might {unknown}
Comestibles
 c - 22 rations


   Skills:
 + Level 14.4 Fighting
   Level 3.9(10.1) Axes
 + Level 12.9(13.1) Maces & Flails
 + Level 9.1 Dodging
 + Level 4.6 Stealth


You had 12 spell levels left.
You didn't know any spells.
Your spell library was empty.

Dungeon Overview and Level Annotations

Branches:
Dungeon (10/15)            Temple (0/1) D:5            Lair (3/6) D:9
  Snake (0/4) Lair:2
  Swamp: Lair:2-4    Shoals: Lair:2-4       Orc: D:9-12

Altars:
Cheibriados
Dithmenos
Kikubaaqudgha
Ru
Sif Muna
Wu Jian
Xom


Innate Abilities, Weirdness & Mutations

You are too large for most types of armour.
You have tough skin. (AC +1)


Message History

Trog accepts your kill.
You have reached level 13!
You feel sick.
You barely miss the bullfrog.
You feel sick. The bullfrog closely misses you.
You bludgeon the bullfrog!!
You kill the bullfrog!
Trog accepts your kill.
You feel sick.
You feel sick.
The blink frog blinks!
You feel a strong urge to attack something.
You feel sick.
You are no longer berserk.
You are exhausted.
You feel yourself slow down.
You are starving!
You feel sick.
You feel very sick.
You feel very sick. The blink frog hits you.
You die...

* ##..##*,,,* * #..#.**,,,**
#...#**,,,,* ** ######*
##[..##**,,,*****, *#.#...*
#..#..##*,,,,,,,,,
*P.....####......#*,*,*,*,,,
*#..........##.#+.#,,,,,,***
*P........F##†††..#,,,,,,**,
*#.........@#.....#*,,,,,*,,
*..........##.....#*,,⌠,,,,,
##.........###..⌠.§.,,,,,*,,
#..........# #.......,,,,,,,
#..........# ##.......⌠,,,,,
#..........# **.......,,,,,,
### #..........#
*,**,,⌠,,>,,⌠,, ##.#
##.........# ****,,,,,,,,,,*
..####..........#
**,,,,⌠,,,*,


You could see a blink frog.

Vanquished Creatures
  Fannar (Lair:1)
  A hydra (Lair:2)
  The ghost of derrymb the Protected, a novice DDFi of Makhleb (D:9)
  4 two-headed ogres
  Pikel (D:7)
  5 elephants (Lair:2)
  A gargoyle (D:10)
  A black mamba (Lair:2)
  6 spiny frogs (Lair:3)
  6 komodo dragons
  Grinder (D:3)
  A hornet (D:8)
  6 blink frogs
  3 hippogriffs
  A human (D:9)
  2 wyverns (Lair:2)
  A hog (D:9)
  16 yaks
  2 basilisks
  A naga (Lair:2)
  3 water moccasins
  5 porcupines (Lair:1)
  4 orc warriors
  4 ice beasts
  A hornet zombie (D:9)
  2 sky beasts
  A slave (D:7)
  2 black bears
  3 ogres
  2 phantoms
  4 centaurs
  A crocodile (D:9)
  Blork the orc (D:4)
  10 bullfrogs
  A wyvern skeleton (D:7)
  3 scorpions
  21 killer bees
  3 vampire bats (D:2)
  10 howler monkeys
  3 crimson imps
  A centaur zombie (D:6)
  11 hounds
  Crazy Yiuf (D:2)
  4 orc priests
  4 jellies
  8 orc wizards
  4 bullfrog skeletons
  4 iguanas
  9 worker ants
  3 hound skeletons
  8 gnolls
  5 adders
  2 shadow imps
  An ooze (D:3)
  2 adder skeletons
  3 worms
  A dart slug (D:4)
  9 leopard geckos
  27 orcs
  A ball python (D:3)
  4 bat skeletons (D:2)
  2 bat zombies (D:2)
  3 giant cockroaches
  15 goblins
  15 hobgoblins
  15 jackals
  6 quokkas
  5 bats
  5 frilled lizards
  11 kobolds
  7 rats
  A plant (D:2)
342 creatures vanquished.

Vanquished Creatures (others)
  2 slaves (D:7)
  A quokka skeleton (D:7)
  9 fungi
  6 plants
18 creatures vanquished.

Grand Total: 360 creatures vanquished

Notes
Turn   | Place    | Note
-------+----------+-------------------------------------------
     0 | D:1      | galech the Ogre Berserker began the quest for the Orb.
     0 | D:1      | Reached XP level 1. HP: 24/24 MP: 1/1
   114 | D:1      | Reached XP level 2. HP: 28/33 MP: 2/2
   329 | D:1      | You fall through a shaft!
   333 | D:2      | Reached XP level 3. HP: 40/40 MP: 3/3
   597 | D:2      | Found a runed door.
   601 | D:2      | Noticed Crazy Yiuf
   609 | D:2      | Killed Crazy Yiuf
   609 | D:2      | Reached XP level 4. HP: 40/49 MP: 4/4
   793 | D:2      | Reached ** piety under Trog
   801 | D:2      | Reached skill level 5 in Fighting
   961 | D:1      | Reached XP level 5. HP: 49/57 MP: 5/5
  1368 | D:2      | Found a shadowy altar of Dithmenos.
  1615 | D:2      | Found an ancient bone altar of Kikubaaqudgha.
  1691 | D:2      | Reached XP level 6. HP: 66/66 MP: 6/6
  1755 | D:2      | Found a sacrificial altar of Ru.
  2393 | D:3      | Reached *** piety under Trog
  2418 | D:3      | Noticed Grinder
  2423 | D:3      | Paralysed by Grinder for 3 turns
  2611 | D:3      | Killed Grinder
  2611 | D:3      | Reached skill level 6 in Fighting
  2611 | D:3      | Reached skill level 5 in Maces & Flails
  2611 | D:3      | Reached XP level 7. HP: 57/75 MP: 7/7
  2851 | D:4      | Noticed Blork the orc
  2863 | D:4      | Killed Blork the orc
  2866 | D:4      | Reached skill level 1 in Stealth
  3662 | D:5      | Entered Level 5 of the Dungeon
  3673 | D:5      | Reached XP level 8. HP: 84/84 MP: 8/8
  3680 | D:5      | Reached skill level 5 in Dodging
  3856 | D:5      | Found an ornate altar of the Wu Jian Council.
  4061 | D:5      | Found a staircase to the Ecumenical Temple.
  4389 | D:5      | Found a snail-covered altar of Cheibriados.
  4614 | D:5      | Reached **** piety under Trog
  4643 | D:5      | Reached skill level 7 in Fighting
  5561 | D:5      | Found an ornate altar of the Wu Jian Council.
  5561 | D:5      | Found a shimmering altar of Xom.
  5875 | D:6      | Reached XP level 9. HP: 73/93 MP: 9/9
  6367 | D:6      | Reached skill level 8 in Fighting
  7011 | D:7      | Noticed Pikel
  7040 | D:7      | Killed Pikel
  7040 | D:7      | Reached skill level 9 in Fighting
  7260 | D:7      | Found a deep blue altar of Sif Muna.
  7391 | D:8      | HP: 3/98 [hound (5)]
  7396 | D:8      | HP: 4/220 [poisoned by a killer bee]
  7402 | D:8      | HP: 4/220 [poisoned by a killer bee]
  7407 | D:8      | HP: 5/147 [poisoned by a killer bee]
  7442 | D:8      | Reached XP level 10. HP: 39/107 MP: 10/10
  7793 | D:8      | Noticed a two-headed ogre
  7804 | D:8      | Killed a two-headed ogre
  7804 | D:8      | Reached skill level 10 in Fighting
  8242 | D:8      | Paralysed by a hornet for 2 turns
  8917 | D:8      | Reached skill level 10 in Maces & Flails
  8974 | D:8      | Noticed a two-headed ogre
  8983 | D:8      | Killed a two-headed ogre
 10083 | D:9      | Noticed a two-headed ogre
 10092 | D:9      | Killed a two-headed ogre
 10092 | D:9      | Reached skill level 11 in Fighting
 10092 | D:9      | Reached XP level 11. HP: 112/120 MP: 11/11
 10246 | D:9      | Noticed a two-headed ogre
 10247 | D:9      | Found a staircase to the Lair.
 10253 | D:9      | Killed a two-headed ogre
 10458 | D:9      | Noticed derrymb's ghost (novice DDFi)
 10467 | D:9      | Killed derrymb's ghost
 10787 | D:9      | Reached skill level 12 in Fighting
 11161 | D:10     | Entered Level 10 of the Dungeon
 12481 | Lair:1   | Entered Level 1 of the Lair of Beasts
 12563 | Lair:1   | Reached ***** piety under Trog
 12769 | Lair:1   | Noticed Fannar
 12779 | Lair:1   | Killed Fannar
 12779 | Lair:1   | Reached XP level 12. HP: 133/133 MP: 12/12
 13661 | Lair:2   | Reached skill level 13 in Fighting
 14720 | Lair:2   | Noticed a five-headed hydra
 14729 | Lair:2   | Killed a five-headed hydra
 15176 | Lair:2   | Found a staircase to the Snake Pit.
 15193 | Lair:2   | Got a warped broad axe {venom}
 15198 | Lair:2   | Identified the +8 broad axe of Inurat {venom, Fragile Str+3 Int+8 Stlth+} (You took it off a naga on level 2 of the Lair of Beasts)
 15762 | Lair:3   | Reached skill level 1 in Axes
 16098 | Lair:3   | Reached skill level 14 in Fighting
 16641 | Lair:3   | Reached XP level 13. HP: 14/148 MP: 13/13
 16645 | Lair:3   | HP: 11/222 [poisoned by a spiny frog]
 16648 | Lair:3   | Slain by a blink frog

Vault maps used:
D:1:      saegor_arrival_under_anarchy
D:2:      kennysheep_vampire_church, lemuel_round_altar,
          nicolae_ru_the_path_less_chosen, uniq_crazy_yiuf_cottage
D:3:      first_ration, minmay_misc_feat_chi, roderic_roman_lattice, hex_large,
          uniq_grinder
D:4:      uniq_blork_the_orc
D:5:      cheibrodos_worm_habitat, nicolae_overflow_hidden_temple,
          minmay_temple_entry_junction, basic_altar
D:6:      st_stairs_6
D:7:      led_sif_pool, uniq_pikel
D:8:      corexii_shack_village
D:9:      lair_entry_dummy
D:10:     grunt_livestock
Lair:1:   beast_lair_carwin_3, grunt_megastairs_4, serial_bayou_shore_a,
          uniq_fannar
Lair:2:   guppyfry_snake_entry_island
Lair:3:   lab_entry_generic, beast_lair_carwin_10, grunt_megastairs_3

Skill      XL: |  1  2  3  4  5  6  7  8  9 10 11 12 |
---------------+-------------------------------------+-----
Maces & Flails | 3 4 5 6 7 9 10 11 12 | 12.9
Dodging        | 3 4 5 6 7 8 9 |  9.1
Fighting       | 5 6 7 9 11 12 14 | 14.4
Stealth        | 1 2 3 4 |  4.6
Axes           | 3 |  3.9

Action                   |  1- 3 |  4- 6 |  7- 9 | 10-12 | 13-15 || total
-------------------------+-------+-------+-------+-------+-------++-------
Melee: Mace              |    92 |   226 |       |       |       ||   318
       Flail             |       |     8 |   296 |   462 |     2 ||   768
       Broad axe         |       |       |       |    49 |       ||    49
Invok: Berserk           |     2 |     3 |     5 |    18 |       ||    28
       Trog's Hand       |       |     2 |     3 |     9 |       ||    14
  Use: Scroll            |       |       |    14 |     6 |       ||    20
       Potion            |       |       |     1 |       |       ||     1
 Stab: Sleeping          |     1 |       |     2 |     4 |       ||     7
       Distracted        |       |       |       |     2 |       ||     2
  Eat: Chunk             |       |    10 |    18 |    31 |       ||    59
       Ration            |       |       |     1 |     5 |       ||     6
Armor: Animal skin       |    42 |   126 |    58 |       |       ||   226
       Robe              |       |       |    22 |    64 |       ||    86
       Skin              |       |       |     5 |       |       ||     5
Dodge: Dodged            |    64 |   209 |   200 |   264 |     1 ||   738

Table legend:
 A = Spawn XP
 B = Non-spawn XP
 C = Spawn XP percentage of total XP
 D = Spawn monster count
 E = Non-spawn monster count
 F = Spawn count percentage of total count
 G = Total turns spent on level
                    A         B        C        D         E        F      G
               +---------+---------+-------+---------+---------+-------+---------
         Total |       0 |   32195 |   0.0 |       0 |     340 |   0.0 | 16648
               +---------+---------+-------+---------+---------+-------+---------
           D:1 |       0 |      39 |   0.0 |       0 |      24 |   0.0 |   861
           D:2 |       0 |     328 |   0.0 |       0 |      27 |   0.0 |  1277
           D:3 |       0 |     385 |   0.0 |       0 |      28 |   0.0 |   701
           D:4 |       0 |     323 |   0.0 |       0 |      11 |   0.0 |   823
           D:5 |       0 |     771 |   0.0 |       0 |      34 |   0.0 |  1386
           D:6 |       0 |    1151 |   0.0 |       0 |      32 |   0.0 |  1823
           D:7 |       0 |    1576 |   0.0 |       0 |      16 |   0.0 |   837
           D:8 |       0 |    3953 |   0.0 |       0 |      54 |   0.0 |  2177
           D:9 |       0 |    5268 |   0.0 |       0 |      40 |   0.0 |  1424
          D:10 |       0 |    1942 |   0.0 |       0 |      16 |   0.0 |  1172
        Lair:1 |       0 |    3479 |   0.0 |       0 |      15 |   0.0 |  1156
        Lair:2 |       0 |    7518 |   0.0 |       0 |      23 |   0.0 |  2106
        Lair:3 |       0 |    5462 |   0.0 |       0 |      20 |   0.0 |   905
               +---------+---------+-------+---------+---------+-------+---------
